 Dungeon Crawl Stone Soup version 0.29-a0-459-g97dee8cd24 (webtiles) character file.

Game seed: 6067121857826078959

135 siradein the Grave Robber (level 4, -1/25 (30) HPs)
             Began as a Demonspawn Necromancer on May 21, 2022.
             Slain by a necrophage (5 damage)
             ... on level 4 of the Dungeon.
             The game lasted 00:04:07 (3280 turns).

siradein the Grave Robber (Demonspawn Necromancer)  Turns: 3280, Time: 00:04:08

HP:   -1/25 (30)    AC:  7    Str:  8    XL:     4   Next: 96%
MP:   9/9           EV: 10    Int: 19    God:
Gold: 134           SH:  0    Dex: 13    Spells: 6/10 levels left

rFire   . . .      SeeInvis .   e - +0 dagger (freeze)
rCold   . . .      Faith    .   (no shield)
rNeg    . . .      Spirit   .   o - +2 ring mail {rPois}
rPois   +          Reflect  .   (no helmet)
rElec   .          Harm     .   (no cloak)
rCorr   .          Rampage  .   (no gloves)
Will    .....                   (no boots)
Stlth   +.........              (no amulet)
HPRegen 0.08/turn               (no ring)
MPRegen 0.11/turn               (no ring)

@: heavily drained
A: demonic guardian 2
a: no special abilities


You were on level 4 of the Dungeon.
You visited 1 branch of the dungeon, and saw 4 of its levels.

You collected 134 gold pieces.

Inventory:

Hand Weapons
 e - a +0 dagger of freezing (weapon)
Armour
 o - a +2 ring mail of poison resistance (worn)
Scrolls
 a - a scroll of fear {unknown}
 g - 4 scrolls of teleportation {unknown}
 h - a scroll of torment {unknown}
 k - a scroll of magic mapping {unknown}
 l - 2 scrolls of amnesia {unknown}
 q - a scroll of poison {unknown}
 r - a scroll of vulnerability {unknown}
 s - a scroll of immolation {unknown}
 t - a scroll of enchant weapon {unknown}
Potions
 b - a potion of magic
 d - a potion of curing
 j - a potion of ambrosia {unknown}
 m - 2 potions of brilliance
 n - a potion of berserk rage {unknown}
 p - 4 potions of flight {unknown}


   Skills:
 - Level 1.7 Dodging
 - Level 1.7 Stealth
 + Level 3.6 Spellcasting
 + Level 5.8 Necromancy


You had 6 spell levels left.
You knew the following spells:

 Your Spells              Type           Power      Damage    Failure   Level
a - Necrotize             Necr           100%       1d9       4%          1
b - Vampiric Draining     Necr           25%        2d7       12%         3

Your spell library contained the following spells:

 Spells                   Type           Power      Damage    Failure   Level
 Animate Dead             Necr           25%        N/A       38%         4
 Apportation              Tloc           6%         N/A       41%         1
 Agony                    Necr           25%        N/A       75%         5
 Alistair's Intoxication  Tmut/Pois      2%         N/A       100%        5


Dungeon Overview and Level Annotations

Branches:
Dungeon (4/15)
 Temple: D:4-7

Altars:
Dithmenos

Shops:
D:2 =   D:3 (


Innate Abilities, Weirdness & Mutations

A demonic guardian rushes to your aid.


Message History

The necrophage hits you but does no damage.
You closely miss the necrophage.
The necrophage is moderately damaged.
The necrophage barely misses you.
You hit the necrophage.
The necrophage is moderately damaged.
The necrophage hits you but does no damage.
You hit the necrophage.
The necrophage is heavily damaged.
The necrophage hits you but does no damage.
You hit the necrophage but do no damage.
The necrophage is heavily damaged.
The necrophage hits you.
You feel drained.
You are too injured to fight recklessly!
You are too injured to fight recklessly!
You are too injured to fight recklessly!
You are too injured to fight recklessly!
You hit the necrophage.
The necrophage is heavily damaged.
The necrophage hits you.
You feel drained.
You hit the necrophage but do no damage.
The necrophage is heavily damaged.
The necrophage hits you but does no damage.
You hit the necrophage but do no damage.
The necrophage is heavily damaged.
The necrophage barely misses you.
You hit the necrophage.
The necrophage is heavily damaged.
The necrophage hits you.
* * * LOW HITPOINT WARNING * * *
A demonic guardian appears!
You hit the necrophage.
The necrophage is heavily damaged.
The necrophage barely misses you.
Your rust devil hits the necrophage.
Your rust devil corrodes the necrophage!
You catch the helpless necrophage completely off-guard!
You puncture the necrophage!
The necrophage is almost destroyed.
The necrophage hits you.
You die...

###########
#..@......# #
#.#n#####.#
#.##.#4......#
#............#
#.##'#######.#
#......n.#
#.....##..
#.......
#.......!.


You could see a necrophage (corroded, ally target) and a friendly rust devil
(summoned).

Vanquished Creatures
  An orc wizard (D:3)
  2 adders (D:3)
  A worm (D:3)
  4 dart slugs
  2 orcs (D:3)
  7 ball pythons
  10 bats
  3 endoplasms
  4 giant cockroaches
  8 goblins
  5 hobgoblins
  7 jackals (D:3)
  5 kobolds
  3 quokkas
  2 frilled lizards
  2 rats
66 creatures vanquished.

Vanquished Creatures (collateral kills)
  An orc (D:3)
  An endoplasm (D:1)
  A hobgoblin (D:3)
  A kobold (D:1)
  2 bats
  A frilled lizard (D:2)
7 creatures vanquished.

Grand Total: 73 creatures vanquished

Notes
Turn   | Place    | Note
-------+----------+-------------------------------------------
     0 | D:1      | siradein the Demonspawn Necromancer began the quest for the
                  | Orb.
     0 | D:1      | Reached XP level 1. HP: 13/13 MP: 3/3
    34 | D:1      | Gained mutation: A weak demonic guardian rushes to your
                  | aid. [demonic ancestry]
    34 | D:1      | Reached XP level 2. HP: 16/19 MP: 0/5
   899 | D:1      | Reached skill level 5 in Necromancy
   922 | D:1      | Reached XP level 3. HP: 24/24 MP: 4/7
   928 | D:1      | Learned a level 3 spell: Vampiric Draining
  1143 | D:2      | Found a shadowy altar of Dithmenos.
  1335 | D:2      | Found a faded altar of an unknown god.
  1672 | D:2      | Found Waptegal's Jewellery Boutique.
  2265 | D:3      | Gained mutation: A demonic guardian rushes to your aid.
                  | [demonic ancestry]
  2265 | D:3      | Reached XP level 4. HP: 30/30 MP: 3/8
  2765 | D:3      | Found Goary's Weapon Shop.
  3187 | D:4      | Noticed an ogre
  3243 | D:4      | Noticed a necrophage
  3280 | D:4      | Slain by a necrophage

Illustrated notes

Levels and vault maps discovered:
D:1:      kennysheep_arrival_forest, layout_basic
D:2:      layout_basic, serial_shops, nicolae_diamond_shop,
          shapermc_ecumenical_altar_flowoftime, basic_altar, minmay_hexomino_f4
D:3:      layout_basic, serial_shops, shop, minivault_19, st_stairs_14
D:4:      layout_basic

Skill      XL: |  1  2  3 |
---------------+----------+-----
Necromancy     | 5 |  5.8
Spellcasting   | 3 |  3.6
Dodging        | |  1.7
Stealth        | |  1.7

Action                   |  1- 3 |  4- 6 || total
-------------------------+-------+-------++-------
Melee: Club              |     7 |       ||     7
       Unarmed           |     1 |       ||     1
       Dagger            |    14 |    35 ||    49
 Cast: Necrotize         |    74 |    38 ||   112
  Use: Scroll            |       |     4 ||     4
 Stab: Distracted        |       |     1 ||     1
Armor: Robe              |    16 |       ||    16
       Ring mail         |     7 |    15 ||    22
Dodge: Dodged            |    32 |    14 ||    46

Table legend: (Time is in decaauts)
 A = Elapsed time spent in this place.
 B = Non-inter-level travel time spent in this place.
 C = Inter-level travel time spent in this place.
 D = Time resting spent in this place.
 E = Time spent auto-exploring this place.
 F = Levels seen in this place.
 G = Mean time per level.
                   A        B        C        D        E       F      G
               +--------+--------+--------+--------+--------+-----+--------+
         Total |   3280 |   3211 |     69 |      3 |   2745 |   4 |  820.0 |
       Dungeon |   3280 |   3211 |     69 |      3 |   2745 |   4 |  820.0 |
               +--------+--------+--------+--------+--------+-----+--------+

Top non-repeatable levels by time:
     D:1: 1144 daAuts
     D:3: 1115 daAuts
     D:2: 950 daAuts
     D:4: 70 daAuts
